 Dungeon Crawl Stone Soup version 0.26.1-15-g04117e645d (webtiles) character file.

Game seed: 3158117699116314976

6780 Froggeryz the Slicer (level 11, 0/77 HPs)
             Began as an Octopode Berserker on Jan 9, 2023.
             Was an Elder of Trog.
             Slain by an unseen horror (7 damage)
             ... on level 11 of the Dungeon.
             The game lasted 00:10:29 (12152 turns).

Froggeryz the Slicer (Octopode Berserker)          Turns: 12152, Time: 00:10:29

Health: 0/77       AC:  5    Str: 18    XL:     11   Next: 5%
Magic:  11/11      EV: 16    Int:  9    God:    Trog [****..]
Gold:   720        SH:  5    Dex: 14    Spells: 10/10 levels left

rFire    . . .     SeeInvis .   v - +6 rapier of Tension {venom, rN+}
rCold    . . .     Faith    +   F - +0 buckler
rNeg     + . .     Spirit   .   (helmet restricted)
rPois    +         Reflect  .   z - amulet of faith
rElec    .         Harm     .   A - ring of stealth
rCorr    +         Rampage  .   o - ring of resist corrosion
Will     ++...                  C - ring of flight
Stlth    ++++......             E - +4 ring of protection
HPRegen  1.22/turn              j - ring of poison resistance
MPRegen  0.12/turn              (no ring)
                                (no ring)
                                (no ring)

@: regenerating
A: almost no armour, stealthy swim, amphibious, 8 rings, constrict 8, camouflage
1, gelatinous body 1
a: Renounce Religion, Evoke Flight, Berserk, Trog's Hand, Brothers in Arms


You were on level 11 of the Dungeon.
You worshipped Trog.
Trog was greatly pleased with you.
You visited 1 branch of the dungeon, and saw 11 of its levels.

You collected 720 gold pieces.

Inventory:

Hand Weapons
 l - a +2 whip of venom
 p - a +0 short sword of draining
 v - the +6 rapier of Tension (weapon) {venom, rN+}
   (You found it on level 4 of the Dungeon)

   It poisons the flesh of those it strikes.
   It protects you from negative energy.
Missiles
 h - 4 datura-tipped darts
 k - 13 poisoned darts (quivered)
 r - 14 boomerangs
Armour
 F - a +0 buckler (worn)
Jewellery
 j - a ring of poison resistance (on tentacle)
 o - a ring of resist corrosion (right tentacle)
 z - an amulet of faith (around mantle)
 A - a ring of stealth (left tentacle)
 C - a ring of flight (on tentacle)
 E - a +4 ring of protection (on tentacle)
 K - an uncursed amulet of the acrobat
Wands
 m - a wand of enslavement (16)
 x - a wand of iceblast (10)
 B - a wand of random effects (15)
 G - a wand of flame (16)
 I - a wand of acid (10)
Scrolls
 a - 3 scrolls of blinking
 d - 3 scrolls of fog {unknown}
 f - 2 scrolls of random uselessness {unknown}
 i - 2 scrolls of enchant weapon {unknown}
 n - 3 scrolls of immolation
 t - 2 scrolls of remove curse {unknown}
 u - 2 scrolls of magic mapping {unknown}
 y - 4 scrolls of fear {unknown}
 H - a scroll of teleportation {unknown}
Potions
 b - a potion of brilliance
 c - 3 potions of haste {unknown}
 e - 3 potions of flight
 g - 5 potions of curing
 q - a potion of invisibility {unknown}
 w - a potion of ambrosia
 D - a potion of might {unknown}
 J - a potion of mutation


   Skills:
 + Level 8.3 Fighting
 * Level 11.7 Short Blades
 - Level 5.0 Throwing
 + Level 5.2 Dodging
 - Level 3.1 Stealth
 - Level 5.3 Shields


You had 10 spell levels left.
You didn't know any spells.
Your spell library was empty.

Dungeon Overview and Level Annotations

Branches:
Dungeon (11/15)            Temple (0/1) D:6            Lair (0/6) D:8
    Orc (0/2) D:10

Altars:
Fedhas
Gozag

Shops:
D:4 :   D:10 (

Annotations:
D:5 2 transporters, SnubMonkey's ghost, novice FoCK
D:6 1 runed translucent door, Exporg's ghost, novice FoFi


Innate Abilities, Weirdness & Mutations

You cannot wear most types of armour.
You are very stealthy in the water. (Stealth+)
You are amphibious.
You can wear up to eight rings at the same time.
You can use your tentacles to constrict eight enemies at once.
Your skin changes colour to match your surroundings (Stealth+).
Your rubbery body absorbs attacks. (AC +1, EV +1)


Message History

You feel better. Something hits you!
* * * LOW HITPOINT WARNING * * *
Something hits you.
* * * LOW HITPOINT WARNING * * *
Things that are here:
a +0 dagger; a +0 ring mail Something hits you!
* * * LOW HITPOINT WARNING * * *
Something hits you.
* * * LOW HITPOINT WARNING * * *
You hit something but do no damage. Something hits you but does no damage.
You hit something. Your squeeze misses something.
Something hits you but does no damage. Something completely misses you.
Something hits you!
* * * LOW HITPOINT WARNING * * *
Something barely misses you.
A killer bee comes into view.
Something hits you!
You die...

...#..............
.....#..............
....................
..............#.....
.............###....
............## #...
...........## #..
.......†....## #...
.......){{@..###....
..............#.....
........)...........
#..y.....)..........
..........).........
....................
...#......................
....o.....................
...o..................)...


You could see a killer bee (wandering).

Vanquished Creatures
  A two-headed ogre (D:10)
  A cyclops (D:8)
  Maggie (D:10)
  A centaur skeleton (D:10)
  2 trolls
  2 hornets
  Sigmund (D:3)
  A wraith (D:11)
  Eustachio (D:6)
  Edmund (D:6)
  A water moccasin (D:11)
  An orc warrior (D:8)
  A hornet zombie (D:7)
  2 ice beasts (D:5)
  4 sky beasts
  3 ogres
  4 centaurs
  A big kobold (D:9)
  8 bullfrogs
  A scorpion (D:8)
  A wyvern skeleton (D:8)
  6 killer bees
  4 howler monkeys
  2 quasits
  A bullfrog zombie (D:8)
  A jelly (D:6)
  6 orc priests
  8 hounds
  4 orc wizards
  3 bullfrog skeletons
  2 iguanas
  6 worker ants
  A killer bee zombie (D:7)
  2 worker ant zombies
  2 howler monkey skeletons
  8 gnolls
  14 adders
  3 white imps
  2 ufetubi
  2 oozes
  4 worms
  3 leopard geckos
  29 orcs
  A giant cockroach (D:8)
  7 goblins
  4 hobgoblins
  6 jackals
  2 quokkas
  5 bats
  3 frilled lizards
  10 kobolds
  3 rats
193 creatures vanquished.

Vanquished Creatures (others)
  19 plants (D:3)
19 creatures vanquished.

Grand Total: 212 creatures vanquished

Notes
Turn   | Place    | Note
-------+----------+-------------------------------------------
     0 | D:1      | Froggeryz the Octopode Berserker began the quest for the
                  | Orb.
     0 | D:1      | Reached XP level 1. HP: 16/16 MP: 1/1
   434 | D:1      | Reached XP level 2. HP: 7/21 MP: 2/2
   867 | D:2      | Reached XP level 3. HP: 23/26 MP: 3/3
   890 | D:2      | Reached skill level 4 in Short Blades
  1223 | D:2      | Reached XP level 4. HP: 33/33 MP: 4/4
  1395 | D:2      | Reached XP level 5. HP: 37/37 MP: 5/5
  1503 | D:2      | Reached ** piety under Trog
  1868 | D:3      | Reached skill level 5 in Short Blades
  2256 | D:3      | Noticed Sigmund
  2277 | D:3      | Killed Sigmund
  2278 | D:3      | Reached skill level 1 in Throwing
  2278 | D:3      | Reached XP level 6. HP: 38/44 MP: 6/6
  2924 | D:4      | Reached skill level 6 in Short Blades
  3149 | D:4      | Found Zeynigh's Book Emporium.
  3416 | D:4      | Got a crystal rapier
  3417 | D:4      | Identified the +6 rapier of Tension {venom, rN+} (You found
                  | it on level 4 of the Dungeon)
  3615 | D:5      | Entered Level 5 of the Dungeon
  3616 | D:5      | Noticed a sky beast
  3619 | D:5      | Killed a sky beast
  3620 | D:5      | Reached XP level 7. HP: 49/49 MP: 7/7
  3643 | D:5      | Reached skill level 5 in Fighting
  3659 | D:5      | Found an opulent altar of Gozag.
  4106 | D:5      | Reached skill level 7 in Short Blades
  4189 | D:5      | Noticed SnubMonkey's ghost (novice FoCK)
  4190 | D:5      | Found a transporter.
  4197 | D:5      | Found a transporter.
  4356 | D:5      | Reached XP level 8. HP: 43/56 MP: 8/8
  5142 | D:6      | Found a staircase to the Ecumenical Temple.
  5151 | D:6      | Noticed Edmund
  5162 | D:6      | Killed Edmund
  5269 | D:6      | Noticed Exporg's ghost (novice FoFi)
  5282 | D:6      | Found a runed translucent door.
  5432 | D:6      | Noticed Eustachio
  5435 | D:6      | Killed Eustachio
  5435 | D:6      | Reached *** piety under Trog
  5436 | D:6      | Reached skill level 8 in Short Blades
  6183 | D:7      | Reached XP level 9. HP: 50/63 MP: 9/9
  6488 | D:7      | Reached skill level 9 in Short Blades
  6488 | D:7      | Reached skill level 5 in Throwing
  6736 | D:7      | Reached skill level 1 in Stealth
  7246 | D:8      | Found a staircase to the Lair.
  7569 | D:7      | HP: 3/63 [poisoned by a killer bee]
  7980 | D:8      | Reached skill level 1 in Shields
  8041 | D:8      | Reached **** piety under Trog
  8765 | D:8      | Noticed a cyclops
  8770 | D:8      | Reached skill level 10 in Short Blades
  8783 | D:8      | Killed a cyclops
  8784 | D:8      | Reached XP level 10. HP: 60/71 MP: 10/10
  8959 | D:9      | Reached skill level 5 in Shields
 10381 | D:10     | Entered Level 10 of the Dungeon
 10402 | D:10     | Noticed a two-headed ogre
 10429 | D:10     | Killed a two-headed ogre
 10430 | D:10     | Reached skill level 11 in Short Blades
 10938 | D:10     | Paralysed by a hornet for 2 turns
 11213 | D:10     | Noticed Maggie
 11225 | D:10     | Killed Maggie
 11330 | D:10     | Found a blossoming altar of Fedhas.
 11410 | D:10     | Found Ydyn's Antique Weapon Boutique.
 11531 | D:10     | Found a staircase to the Orcish Mines.
 11627 | D:11     | Noticed a five-headed hydra
 11692 | D:10     | Reached skill level 5 in Dodging
 11693 | D:10     | Reached XP level 11. HP: 38/77 MP: 11/11
 12140 | D:11     | HP: 3/77 [something (7)]
 12152 | D:11     | Slain by an unseen horror

Illustrated notes

Levels and vault maps discovered:
D:1:      amcnicky_arrival_wind_blow, layout_basic, serial_park_tiny_1,
          nrook_loot_triangle
D:2:      layout_rooms, kennysheep_generic_room_11
D:3:      layout_loops_ring, kennysheep_boxes, uniq_sigmund
D:4:      layout_basic, serial_shops, shop
D:5:      layout_loops_ring, grunt_gozag_statues, gammafunk_ghost_stat_death,
          minmay_misc_feat_four_crosses
D:6:      layout_loops_ring, minmay_temple_entry_arrows,
          hellmonk_ghost_happy_afterlife, dk_vineyard_2, feat_on_display,
          uniq_eustachio, uniq_edmund
D:7:      layout_layer_cave
D:8:      minmay_slanted_spiral_squares, layout_cave_pools
D:9:      layout_grid_maze
D:10:     layout_long_grid, orc_0_dummy, basic_altar, serial_shops, shop,
          uniq_maggie
D:11:     layout_big_octagon, uniq_psyche

Skill      XL: |  1  2  3  4  5  6  7  8  9 10 |
---------------+-------------------------------+-----
Short Blades   | 4 5 6 7 8 10 11 | 11.7
Fighting       | 4 5 6 7 8 |  8.3
Throwing       | 1 2 3 4 5 |  5.0
Stealth        | 3 |  3.1
Shields        | 4 5 |  5.3
Dodging        | 5 |  5.2

Action                   |  1- 3 |  4- 6 |  7- 9 | 10-12 || total
-------------------------+-------+-------+-------+-------++-------
Melee: Short sword       |    57 |    95 |       |       ||   152
       Tentacles         |    14 |    21 |    47 |    25 ||   107
       Constrict         |    15 |    25 |    40 |    22 ||   102
       Rapier            |       |     1 |   179 |   131 ||   311
Throw: Dart              |       |     5 |     7 |     5 ||    17
Invok: Berserk           |     1 |     2 |     2 |     3 ||     8
       Trog's Hand       |       |     2 |     2 |     2 ||     6
  Use: Scroll            |       |       |       |     7 ||     7
       Potion            |       |       |       |     4 ||     4
 Stab: Sleeping          |     1 |     7 |    16 |    11 ||    35
       Distracted        |       |       |     1 |       ||     1
Armor: Skin              |     2 |     7 |     9 |    14 ||    32
Dodge: Dodged            |    48 |    45 |   105 |    58 ||   256
Block: Buckler           |       |       |       |    23 ||    23
